[Event "Titled Tuesday Blitz September 28 2021"]
[White "Yuan, Qingyu"]
[Black "Temirkanov, David"]
[WhiteFideId "8609772"]
[BlackFideId "4168534"]
[WhiteElo "2359"]
[BlackElo "2125"]
[Result "1-0"]
[Round "11"]
[TimeControl "180+1"]
[Date "2021.09.28"]
[WhiteClock "0:00:01"]
[BlackClock "0:00:03"]

1. d4 d5 2. c4 Nc6 3. Nf3 Bg4 4. e3 e5 5. cxd5 Qxd5 6. Nc3 Bb4 7. Be2 exd4 8. O-O Qd7 9. Nxd4 Bxe2 10. Ncxe2 Nf6 11. Qb3 a5 12. a3 a4 13. Qc4 Nxd4 14. Nxd4 Bd6 15. Bd2 O-O 16. Rad1 Qe7 17. Nf5 Qe4 18. Nxd6 cxd6 19. Qb5 Qc6 20. Qf5 Rfe8 21. Bc3 Ne4 22. Bd4 Re6 23. Rc1 Qe8 24. Rc7 b5 25. Rfc1 Nd2 26. R1c6 Nc4 27. h4 Re4 28. Qg5 g6 29. Qf6 Ne5 30. Rxd6 Rxd4 31. Rxd4 Nc4 32. Re7 Qf8 33. Rdd7 Rc8 34. Rxf7 Qh6 35. Rg7+ Kh8 36. Rxh7+ Kg8 37. Qh8# 1-0